 Dungeon Crawl Stone Soup version 0.30-a0-122-g2a1322497e (webtiles) character file.

Game seed: 3522679014063120827

110528 Flugkiller the Zephyrmancer (level 15, -13/129 HPs)
             Began as a Demigod Delver on Sept 16, 2022.
             Killed from afar by an eleionoma (35 damage)
             ... with a spray of wooden splinters
             ... on level 4 of the Swamp.
             The game lasted 00:59:31 (38799 turns).

Flugkiller the Zephyrmancer (Demigod Delver)       Turns: 38799, Time: 00:59:32

Health: -13/129    AC: 16    Str: 21    XL:     15   Next: 59%
Magic:  21/31      EV: 28    Int: 20    God:
Gold:   1377       SH:  0    Dex: 25    Spells: 13/30 levels left

rFire   . . .      SeeInvis .      - Unarmed
rCold   . . .      Faith    .    (shield currently unavailable)
rNeg    . . .      Spirit   .    (body armour currently unavailable)
rPois   ∞          Reflect  .    (helmet currently unavailable)
rElec   +          Harm     .    (cloak currently unavailable)
rCorr   .          Rampage  .    (gloves currently unavailable)
Will    +....                    (boots currently unavailable)
Stlth   +++.......               Z - amulet of the acrobat
HPRegen 0.31/turn                G - +6 ring of dexterity
MPRegen 0.22/turn                I - ring of wizardry

@: storm-form, flying, very slightly contaminated, studying Staves
A: cleaving, insubstantial, flying, high MP 1, forlorn, divine attributes
a: Blinkbolt, End Transformation


You were on level 4 of the Swamp.
You were a lightning-filled tempest!
You visited 4 branches of the dungeon, and saw 26 of its levels.
You also visited: Bailey.

You collected 2796 gold pieces.
You spent 1419 gold pieces at shops.

Inventory:

Hand Weapons
 k - a +2 dagger of speed
   (You took it off an orc on level 3 of the Dungeon)
 l - a +9 broad axe of protection (melded)
   (You took it off an orc warlord in a bailey)
Missiles
 e - 5 curare-tipped darts (quivered)
 L - 13 boomerangs
 R - 4 throwing nets
Armour
 c - the +0 helmet "Omosmig" (melded) {Drain Str-3 Int+8 SInv}
   (You bought it in a shop on level 2 of the Orcish Mines)

   Str:       It affects your strength (-3).
   Int:       It affects your intelligence (+8).
   SInv:      It lets you see invisible.
   Drain:     It drains your maximum health when unequipped.
 x - a +2 cloak of preservation (melded)
   (You found it on level 5 of the Lair of Beasts)
 E - +2 swamp dragon scales
   (You took it off Maggie on level 6 of the Dungeon)
 S - a +2 robe of cold resistance (melded)
   (You took it off a wight on level 8 of the Dungeon)
 U - a +2 pair of boots (melded)
   (You found it on level 2 of the Lair of Beasts)
Jewellery
 p - a ring of protection from cold
   (You found it on level 13 of the Dungeon)
 v - a +4 ring of evasion
   (You found it on level 1 of the Dungeon)
 y - the dreamshard necklace {*Dream Drain}
   (You found it on level 5 of the Lair of Beasts)

   [amulet of nothing]

   It shatters if its wearer takes lethal or near-lethal damage, preventing the
   blow and releasing protective dreams that heal and fight for the wearer.
   Drain:     It drains your maximum health when unequipped.
 G - a +6 ring of dexterity (left fist)
   (You found it on level 6 of the Dungeon)
 I - a ring of wizardry (right fist)
   (You found it on level 11 of the Dungeon)
 O - a +4 ring of protection
   (You found it on level 8 of the Dungeon)
 Z - an amulet of the acrobat (around neck)
   (You found it on level 3 of the Lair of Beasts)
Wands
 f - a wand of paralysis (18)
   (You took it off an orc wizard on level 4 of the Dungeon)
 g - a wand of digging (17)
 j - a wand of flame (9)
   (You found it on level 7 of the Dungeon)
 s - a wand of light (2)
   (You found it on level 4 of the Lair of Beasts)
 D - a wand of iceblast (3)
   (You found it on level 6 of the Dungeon)
 H - a wand of polymorph (7)
   (You took it off Sigmund on level 5 of the Dungeon)
 T - a wand of mindburst (12)
   (You found it on level 4 of the Swamp)
Scrolls
 b - 5 scrolls of butterflies
 n - 2 scrolls of magic mapping
 r - 19 scrolls of identify
 t - 5 scrolls of teleportation
 z - a scroll of blinking
 B - 3 scrolls of enchant armour
 C - 3 scrolls of torment
 J - 4 scrolls of poison
 M - 2 scrolls of summoning
 Q - 4 scrolls of vulnerability
 W - 8 scrolls of fear
Potions
 a - 5 potions of berserk rage
 d - 3 potions of might
 h - 3 potions of haste
 i - 6 potions of attraction
 m - 5 potions of brilliance
 q - 10 potions of curing
 u - 3 potions of flight
 w - 3 potions of heal wounds
 A - 3 potions of cancellation
 F - 3 potions of lignification
 K - 5 potions of invisibility
 N - a potion of magic
 V - 2 potions of mutation
 Y - 5 potions of ambrosia
Miscellaneous
 o - a lightning rod (2/4)
   (You found it on level 15 of the Dungeon)
 P - a phantom mirror
   (You found it on level 5 of the Lair of Beasts)


   Skills:
 - Level 11.0 Fighting
 - Level 4.0 Short Blades
 - Level 6.0 Axes
 - Level 11.0 Dodging
 - Level 4.5 Stealth
 - Level 6.5 Unarmed Combat
 - Level 8.0 Spellcasting
 - Level 3.0 Hexes
 - Level 5.0 Summonings
 * Level 11.2 Transmutations
 - Level 6.0 Ice Magic
 * Level 11.2 Air Magic
 - Level 6.0 Evocations


You had 13 spell levels left.
You knew the following spells:

 Your Spells              Type           Power      Damage    Failure   Level
a - Ensorcelled Hibernat  Hex/Ice        52%        N/A       1%          2
b - Summon Ice Beast      Ice/Summ       30%        N/A       3%          4
c - Storm Form            Tmut/Air       26%        N/A       26%         7
d - Summon Lightning Spi  Summ/Air       40%        N/A       1%          4

Your spell library contained the following spells:

 Spells                   Type           Power      Damage    Failure   Level
 Shock                    Conj/Air       100%       1d9       1%          1
 Sting                    Tmut/Pois      100%       1d8       1%          1
 Cigotuvi's Dreadful Rot  Necr/Pois/Air  46%        N/A       1%          2
 Passwall                 Tmut/Erth      25%        N/A       1%          2
 Poisonous Vapours        Pois/Air       60%        N/A       1%          2
 Static Discharge         Conj/Air       60%        3-7/arc   1%          2
 Ozocubu's Armour         Ice            32%        N/A       1%          3
 Swiftness                Air            52%        N/A       1%          3
 Airstrike                Air            26%        2d(4-20)  1%          4
 Kindle Blastsparks       Fire/Tloc/Air  46%        2d13      2%          3
 Apportation              Tloc           16%        N/A       3%          1
 Foxfire                  Conj/Fire      32%        2x1d5     3%          1
 Magic Dart               Conj           32%        1d4       3%          1
 Blink                    Tloc           16%        N/A       5%          2
 Searing Ray              Conj           16%        2d5       5%          2
 Silence                  Hex/Air        18%        N/A       5%          5
 Yara's Violent Unravell  Hex/Tmut       18%        3d9       5%          5
 Inner Flame              Hex/Fire       14%        N/A       6%          3
 Arcjolt                  Conj/Air       15%        1d25      10%         5
 Lightning Bolt           Conj/Air       15%        1d29      10%         5
 Lesser Beckoning         Tloc           8%         N/A       11%         3
 Metabolic Englaciation   Hex/Ice        13%        N/A       16%         5
 Fulminant Prism          Conj/Hex       7%         3d7       17%         4
 Dispel Undead            Necr           8%         3d8       32%         4
 Flame Wave               Conj/Fire      8%         2d5       32%         4
 Manifold Assault         Tloc           8%         N/A       32%         4
 Passage of Golubria      Tloc           8%         N/A       32%         4
 Sticky Flame             Conj/Fire      8%         2d3       32%         4
 Summon Forest            Summ/Tloc      9%         N/A       32%         5
 Eringya's Noxious Bog    Tmut/Pois      15%        N/A       45%         6
 Simulacrum               Ice/Necr       10%        N/A       80%         6
 Maxwell's Capacitive Co  Air            26%        ∞         89%         8
 Ozocubu's Refrigeration  Ice            16%        4d11      91%         7
 Summon Hydra             Summ           14%        N/A       97%         7
 Lehudib's Crystal Spear  Conj/Erth      4%         10d3      100%        8
 Necromutation            Tmut/Necr      15%        N/A       100%        8


Dungeon Overview and Level Annotations

Branches:
Dungeon (15/15) Zot: 24356  Temple (0/1) D:7            Lair (5/5) D:10 Zot: 21419
  Swamp (4/4) Lair:3 Zot: 18359   Snake (0/4) Lair:3        Slime (0/5) Lair:4
    Orc (2/2) D:10 Zot: 7210     Elf (0/3) Orc:2        Vaults (0/5) D:14
 Depths (0/4) D:15         Bailey (visited)

Shops:
D:1 [   D:7 (??*!   D:10 [   D:15 ?(?:!   Orc:1 *   Orc:2 [*:(

Portals:
Abyss: Lair:5
Trove: D:12 (give 10 potions of heal wounds)

Annotations:
D:2 1 runed translucent door, Crazy Yiuf
D:8 exclusion: door
D:11 1 runed translucent door, nono's ghost, journeyman KoFi
Lair:3 exclusion: oklob plant
Lair:4 1 runed translucent door


Innate Abilities, Weirdness & Mutations

You are a lightning-filled tempest!
Your electrical attacks strike out in all directions at once.
You are incredibly evasive.
Your insubstantial body is immune to petrification, constriction, and being set on fire You are flying.
You are immune to poison.
Your armour is entirely melded.
You are incapable of wielding weapons or throwing items.
You have an increased reservoir of magic. (+10% MP)
You shall have no god before yourself.
Your divine heritage dramatically boosts your attributes as you level up.


Message History

You destroy the will-o-the-wisp!
The swamp worm fires a harpoon shot at you.
The harpoon shot misses you.
The eleionoma flows through the trees.
You enter the shallow water.
Moving in this stuff is going to be slow.
The eleionoma completely misses you.
The swamp worm fires a harpoon shot at you.
The harpoon shot misses you.
The swamp worm fires a harpoon shot at you.
The harpoon shot hits you.
You are yanked forward by the harpoon shot.
Splash!
You fall into the shallow water.
Moving in this stuff is going to be slow.
A swamp drake comes into view.
The swamp worm misses you.
Casting: Storm Form (dangerous; 16% risk of failure)
Confirm with . or Enter, or press ? or * to list all spells.
You miscast Storm Form.
You are very lightly contaminated with residual magic.
You are blasted with air!!
The swamp worm misses you.
The eleionoma hurls a spray of splinters at you.
The spray of wooden splinters hits you!!
* * * LOW HITPOINT WARNING * * *
Casting: Storm Form (dangerous; 16% risk of failure)
Confirm with . or Enter, or press ? or * to list all spells.
You fly out of the water as you turn into a lightning-filled tempest!
Your +9 broad axe of protection melds into your body.
Your +2 cloak of preservation melds into your body.
The +0 helmet "Omosmig" {Drain Str-3 Int+8 SInv} melds into your body.
Your +2 pair of boots melds into your body.
Your +2 robe of cold resistance melds into your body.
Your +9 broad axe of protection goes still.
You feel less resistant to cold. The swamp worm closely misses you.
The eleionoma flows through the trees.
You feel much better. The swamp worm bites you!
* * * LOW HITPOINT WARNING * * *
The eleionoma hurls a spray of splinters at you.
The spray of wooden splinters misses you.
Aiming: Blinkbolt
Press: ? - help, Dir - move target, f - eleionoma
Aim: an eleionoma (91% to hit)
The shock of your passage misses the eleionoma.
You blink.
The swamp drake misses you. The eleionoma misses you.
You batter the eleionoma!!
The eleionoma is moderately wounded.
You completely miss the swamp worm. You hit the swamp drake.
The swamp worm barely misses you.
The swamp drake bites you but does no damage.
You buffet the eleionoma!
Lightning courses through the eleionoma!
The eleionoma is severely wounded.
You barely miss the swamp worm. You batter the swamp drake!!
The eleionoma touches a tree and draws upon its vitality.
The eleionoma is healed.
The swamp worm completely misses you. The swamp drake breathes poison at you.
The noxious blast engulfs you but does no damage.
You resist.
You blast the eleionoma!!!
Lightning courses through the eleionoma!
The eleionoma is severely wounded.
You hit the swamp worm but do no damage.
You batter the swamp drake!!
Lightning courses through the swamp drake!
You kill the swamp drake!
The eleionoma is engulfed in noxious fumes.
The eleionoma hits you!
* * * LOW HITPOINT WARNING * * *
The swamp worm bites you!!
* * * LOW HITPOINT WARNING * * *
You feel much better. The swamp worm misses you.
The eleionoma is engulfed in noxious fumes.
The eleionoma closely misses you.
You hit the eleionoma.
The eleionoma is severely wounded.
You closely miss the swamp worm. The swamp worm bites you!
* * * LOW HITPOINT WARNING * * *
The eleionoma is engulfed in noxious fumes.
The eleionoma touches a tree and draws upon its vitality.
The eleionoma is healed.
The swamp worm bites you!
* * * LOW HITPOINT WARNING * * *
Blink to where?
Press: ? - help, Dir - move target, p - eleionoma
As you read the scroll of blinking, it crumbles to dust.
Unknown command.
As you read the scroll of fog, it crumbles to dust.
The scroll dissolves into smoke.
Unknown command.
You feel energetic enough to blinkbolt again.
The swamp worm fires a harpoon shot at you.
The harpoon shot misses you.
The eleionoma flows through the trees.
You batter the eleionoma!!
The eleionoma is moderately wounded.
The eleionoma barely misses you.
You batter the eleionoma!!
The eleionoma is severely wounded.
The eleionoma hurls a spray of splinters at you.
The spray of wooden splinters hits you!!
You die...

♣♣♣♣♣ ♣♣♣♣♣♣♣♣ ....♣♣
♣♣...♣♣~♣♣♣♣♣♣
~~~†.♣♣♣.~~~..~~♣♣.<♣ ♣♣♣♣
~~~~.♣.~~~~~~~~~♣§..♣ ♣♣.~♣♣
~...~~<~§~~~~~~~♣♣~♣♣ ♣♣...~♣♣
. ♣♣♣♣♣♣♣~~~~~♣~...R♣♣
♣.~~~~.♣♣~ ♣♣§~~~~~♣♣♣~v♣♣
♣~~~~~~..♣
♣♣..~~~~~~♣♣♣~.♣♣♣♣♣♣~~§~~~~..
♣~~~~.~.<~♣♣.....~.♣♣~†~~~~~§~
♣.~~~♣~.♣♣♣♣♣♣.~~~~♣♣.~~~.~~~§
♣.~~~.♣♣♣ ♣.~~~♣♣♣.~§~~~~~~
♣~~~~♣♣ ♣...w§♣♣..~.=~~~~
♣.~...♣♣♣ ♣♣~.§§§§§~♣♣~~~..
♣~~)§~<.♣ ♣♣§~§§§§§~..♣~~~.
♣~~~~~~~.♣ ♣~.§§§§§§~~R....~


You could see an eleionoma and a swamp worm.

Vanquished Creatures
  Mlioglotl (Swamp:2)
  An orc warlord (Bailey)
  An eleionoma (Swamp:4)
  A dire elephant (D:15)
  A bunyip (Swamp:3)
  A shambling mangrove (Swamp:2)
  Harold (D:11)
  An ogre mage (D:14)
  Fannar (Lair:2)
  A vault guard (D:12)
  7 hydras
  3 boulder beetles
  A ghost crab (Swamp:3)
  A centaur warrior (D:14)
  3 catoblepae
  8 two-headed ogres
  4 alligators
  3 death yaks (Lair:5)
  2 tengu warriors (D:15)
  3 thrashing horrors (Lair:5)
  5 orc high priests (Orc:2)
  Amaemon (Lair:2)
  A skeletal warrior (D:9)
  A goliath frog (Swamp:2)
  2 spriggan druids
  3 swamp dragons (Swamp:2)
  13 orc knights
  4 bog bodies
  4 deep elf zephyrmancers (Orc:2)
  A wizard (D:14)
  5 ugly things
  An oklob plant (Orc:1)
  6 deep elf pyromancers
  A salamander (D:15)
  An orc sorcerer (Orc:1)
  4 cyclopes
  8 elephants
  3 manticores
  A cyclops (shapeshifter) (Lair:5)
  4 will-o-the-wisps
  An orange demon (Lair:2)
  2 gargoyles (D:12)
  A smoke demon (Lair:4)
  10 cane toads
  Maggie (D:6)
  5 komodo dragons
  4 rime drakes
  An efreet (D:15)
  A tengu conjurer (D:15)
  A yaktaur (shapeshifter) (D:15)
  8 trolls
  An ancient zyme (Lair:5)
  A meliai (D:9)
  2 polar bears
  A large abomination (Lair:5)
  A wind drake (shapeshifter) (D:13)
  3 tyrant leeches
  7 hornets
  16 blink frogs
  A dream sheep (Lair:5)
  8 slime creatures
  2 wraiths
  Sigmund (D:5)
  A ynoxinul (Lair:5)
  6 spriggans
  2 wyverns
  16 yaks
  A chaos spawn (Lair:5)
  A steam dragon (D:8)
  A redback (shapeshifter) (Lair:5)
  Edmund (D:4)
  6 basilisks
  9 vampire mosquitoes
  3 wargs
  10 swamp worms
  3 acid dragons
  13 water moccasins
  2 swamp drakes
  42 orc warriors
  A sky beast (D:8)
  9 small abominations
  5 ogres
  A black bear (D:5)
  6 wolves
  4 centaurs
  2 kobold brigands (D:8)
  12 bullfrogs
  A gnoll sergeant (D:8)
  3 necrophages
  15 wights
  13 killer bees
  A howler monkey (D:7)
  3 electric eels
  6 crimson imps (D:10)
  7 hounds
  2 jellies
  22 orc priests
  A gnoll bouda (D:5)
  5 iguanas
  9 orc wizards
  33 gnolls
  5 adders
  2 shadow imps (D:8)
  4 white imps
  An ufetubus (D:5)
  A dart slug (D:2)
  75 orcs
  13 endoplasms
  3 giant cockroaches
  15 goblins
  16 hobgoblins
  4 quokkas
  10 ball pythons
  6 bats
  A frilled lizard (D:1)
  13 kobolds
  4 rats
  A spectral kobold (D:1)
  A bush (Lair:3)
  A butterfly (Lair:1)
647 creatures vanquished.

Vanquished Creatures (collateral kills)
  Jorgrun (Swamp:2)
  Gastronok (Lair:2)
  A bunyip (Swamp:1)
  A catoblepas (D:14)
  5 hydras
  2 two-headed ogres
  A boulder beetle (D:14)
  A goliath frog (Swamp:2)
  A spriggan druid (Swamp:2)
  A bog body (Swamp:2)
  A swamp dragon (Swamp:2)
  A cyclops (D:14)
  2 ugly things (Lair:5)
  A manticore (D:14)
  An elephant (Lair:5)
  A cane toad (Lair:2)
  A tyrant leech (Swamp:2)
  2 hornets
  3 slime creatures (D:14)
  3 blink frogs
  5 yaks
  2 spriggans (Swamp:2)
  A vampire mosquito (D:15)
  2 swamp worms
  3 water moccasins
  A black bear (Lair:1)
  A bullfrog (Lair:4)
  A small abomination (Lair:5)
  A killer bee (D:9)
  An orc wizard (D:9)
  4 orcs
53 creatures vanquished.

Vanquished Creatures (others)
  A goliath frog (Swamp:3)
  A bloated husk (Swamp:3)
  An orc priest (Orc:2)
  A butterfly (Lair:2)
  20 foxfires
  40 fungi
  43 plants
107 creatures vanquished.

Grand Total: 807 creatures vanquished

Notes
Turn   | Place    | Note
-------+----------+-------------------------------------------
     0 | D:5      | Flugkiller the Demigod Delver began the quest for the Orb.
     0 | D:5      | Reached XP level 1. HP: 18/18 MP: 3/3
    56 | D:4      | Noticed an orc wizard
    58 | D:4      | Noticed an orc wizard
   225 | D:4      | Noticed an orc priest
   383 | D:5      | Noticed Edmund
   411 | D:5      | Noticed a hound
   483 | D:4      | Noticed an orc priest
   511 | D:4      | Noticed a jelly
   638 | D:2      | Reached XP level 2. HP: 19/25 MP: 4/4
   760 | D:2      | Found a runed translucent door.
   761 | D:2      | Noticed Crazy Yiuf
  1736 | D:1      | Reached XP level 3. HP: 30/30 MP: 5/5
  1740 | D:1      | Found Ziaps's Antique Armour Emporium.
  2849 | D:3      | Reached XP level 4. HP: 37/37 MP: 6/6
  4120 | D:4      | Reached XP level 5. HP: 45/45 MP: 7/7
  4201 | D:4      | Paralysed by an orc wizard for 3 turns
  4765 | D:4      | Reached skill level 1 in Evocations
  4927 | D:4      | Got the Folio of the Chill
  5007 | D:5      | Noticed Sigmund
  5033 | D:4      | Reached XP level 6. HP: 43/52 MP: 8/8
  5085 | D:4      | Learned a level 2 spell: Ensorcelled Hibernation
  5194 | D:4      | Killed Edmund
  5484 | D:5      | Reached skill level 1 in Hexes
  5484 | D:5      | Reached skill level 1 in Ice Magic
  5676 | D:5      | Paralysed by a gnoll for 2 turns
  5683 | D:5      | Paralysed by a gnoll for 3 turns
  5690 | D:5      | Paralysed by a gnoll for 2 turns
  5695 | D:5      | Reached skill level 1 in Spellcasting
  5920 | D:5      | Reached XP level 7. HP: 58/60 MP: 11/11
  6396 | D:5      | Killed Sigmund
  6624 | D:5      | Reached skill level 5 in Fighting
  6790 | D:6      | Noticed Maggie
  6896 | D:6      | Killed Maggie
  6897 | D:6      | Reached XP level 8. HP: 36/68 MP: 2/15
  7117 | D:6      | Noticed a hornet
  7532 | D:6      | Reached skill level 5 in Dodging
  7548 | D:6      | Killed a hornet
  7918 | D:7      | Learned a level 4 spell: Summon Ice Beast
  7977 | D:7      | Found Hidghamp's Magic Scroll Shoppe.
  7985 | D:7      | Bought a scroll of identify for 24 gold pieces
  7985 | D:7      | Bought a scroll of identify for 24 gold pieces
  7985 | D:7      | Bought a scroll of identify for 24 gold pieces
  7988 | D:7      | Bought a scroll of enchant weapon for 90 gold pieces
  7988 | D:7      | Bought a scroll of butterflies for 48 gold pieces
  8004 | D:7      | Bought a scroll of poison for 48 gold pieces
  8022 | D:7      | Found Etsog's Antique Weapon Emporium.
  8063 | D:7      | Found Jek Mao's Magic Scroll Shoppe.
  8115 | D:7      | Reached skill level 1 in Summonings
  8115 | D:7      | Reached XP level 9. HP: 51/70 MP: 18/18
  8149 | D:7      | Found Hiroikhla's Distillery.
  8212 | D:7      | Found a flagged portal.
  8352 | Bailey   | Entered a bailey
  8700 | Bailey   | Reached skill level 5 in Spellcasting
  9070 | Bailey   | Noticed an orc warlord
  9137 | Bailey   | Killed an orc warlord
  9138 | Bailey   | Reached skill level 5 in Ice Magic
  9160 | Bailey   | Reached XP level 10. HP: 68/83 MP: 19/22
  9362 | Bailey   | Acquired a book of Winter
  9531 | D:7      | Found a staircase to the Ecumenical Temple.
  9562 | D:7      | Found Bitzed's General Store.
  9568 | D:7      | Bought a potion of heal wounds for 60 gold pieces
  9568 | D:7      | Bought a potion of lignification for 36 gold pieces
 10085 | D:8      | Reached skill level 1 in Axes
 10558 | D:8      | Reached skill level 5 in Summonings
 11070 | D:8      | Got the Omnibus of Forms
 11071 | D:8      | Noticed a two-headed ogre
 11080 | D:8      | Killed a two-headed ogre
 11081 | D:8      | Reached skill level 5 in Axes
 11255 | D:8      | Noticed a catoblepas
 11542 | D:9      | Noticed a two-headed ogre
 11586 | D:9      | Killed a two-headed ogre
 11844 | D:9      | Reached XP level 11. HP: 91/91 MP: 20/24
 11901 | D:9      | Noticed a skeletal warrior
 12004 | D:8      | Killed a catoblepas
 12092 | D:8      | Got the Meditations on Dimensional Permutations
 12217 | D:9      | Noticed a four-headed hydra
 12232 | D:9      | Killed a four-headed hydra
 12408 | D:9      | Noticed a two-headed ogre
 12419 | D:9      | Killed a two-headed ogre
 12519 | D:10     | Entered Level 10 of the Dungeon
 12654 | D:10     | Noticed a two-headed ogre
 12667 | D:10     | Killed a two-headed ogre
 12765 | D:10     | Found a staircase to the Lair.
 12935 | D:10     | Noticed a two-headed ogre
 12940 | D:10     | Killed a two-headed ogre
 12999 | D:10     | Found a staircase to the Orcish Mines.
 12999 | D:10     | Noticed a two-headed ogre
 13014 | D:10     | Killed a two-headed ogre
 13072 | D:10     | Found Cheibriados's Comfort Zone.
 13345 | D:11     | Found a runed translucent door.
 13349 | D:11     | Identified the +3 spear of Satsobitz {vorpal, Str+4}
 13350 | D:11     | Noticed nono's ghost (journeyman KoFi)
 13409 | D:11     | Noticed Harold
 13419 | D:11     | Killed Harold
 13820 | D:11     | Noticed a two-headed ogre
 13910 | D:11     | Killed a two-headed ogre
 14269 | Lair:1   | Entered Level 1 of the Lair of Beasts
 14284 | Lair:1   | Reached XP level 12. HP: 105/105 MP: 22/25
 14533 | Lair:1   | Noticed an eight-headed hydra
 14544 | Lair:1   | Killed a ten-headed hydra
 14545 | Lair:1   | Reached skill level 10 in Fighting
 14545 | Lair:1   | Reached skill level 10 in Dodging
 15028 | Lair:2   | Noticed Gastronok
 15044 | Lair:2   | Killed Gastronok
 15099 | Lair:2   | Noticed Amaemon
 15263 | Lair:2   | Learned a level 7 spell: Storm Form
 15332 | Lair:2   | Killed Amaemon
 15382 | Lair:2   | Reached skill level 1 in Transmutations
 15382 | Lair:2   | Reached skill level 1 in Air Magic
 15697 | Lair:2   | Noticed Fannar
 15714 | Lair:1   | Reached skill level 1 in Unarmed Combat
 15891 | Lair:2   | Killed Fannar
 16223 | Lair:3   | Noticed an eight-headed hydra
 16235 | Lair:3   | Killed a 13-headed hydra
 16788 | Lair:3   | Found a staircase to the Snake Pit.
 16958 | Lair:3   | Reached XP level 13. HP: 74/116 MP: 21/26
 17166 | Lair:3   | Identified the +0 leather armour "Suzefom" {+Blink MP+9
                  | Dex+2}
 17173 | Lair:3   | Noticed Nessos
 17176 | Lair:3   | Noticed Nessos
 17176 | Lair:3   | Nessos changed into Nessos the swamp drake
 17182 | Lair:3   | Killed Nessos the swamp drake
 17493 | Lair:3   | Found a staircase to the Swamp.
 18342 | Lair:4   | Found a runed translucent door.
 18840 | Lair:4   | Found a staircase to the Slime Pits.
 18862 | Lair:5   | Entered Level 5 of the Lair of Beasts
 18885 | Lair:5   | Found the dreamshard necklace {*Dream Drain}
 19793 | Lair:5   | Reached skill level 5 in Evocations
 19857 | Lair:5   | Reached skill level 5 in Air Magic
 19914 | Lair:5   | Reached skill level 5 in Transmutations
 20932 | Lair:5   | Found the +11 plutonium sword {Contam Stlth-}
 21020 | Lair:5   | Found a one-way gate to the infinite horrors of the Abyss.
 22665 | D:12     | Reached XP level 14. HP: 63/124 MP: 29/29
 23148 | D:12     | Found a portal to a secret trove of treasure.
 23154 | D:12     | Learned a level 4 spell: Summon Lightning Spire
 25047 | D:14     | Found a gate to the Vaults.
 25052 | D:14     | Reached skill level 5 in Unarmed Combat
 25671 | D:15     | Entered Level 15 of the Dungeon
 25993 | D:15     | Found Kodgh's Magic Scroll Boutique.
 26001 | D:15     | Bought a scroll of blinking for 120 gold pieces
 26028 | D:15     | Found Jisuggufior's Book Boutique.
 26057 | D:15     | Found Ocawn's Magic Scroll Emporium.
 26070 | D:15     | Bought a scroll of enchant armour for 112 gold pieces
 26070 | D:15     | Bought a scroll of fear for 60 gold pieces
 26070 | D:15     | Bought a scroll of fear for 60 gold pieces
 26152 | D:15     | Found Ifippoami's Distillery.
 26156 | D:15     | Bought a potion of heal wounds for 80 gold pieces
 26156 | D:15     | Bought a potion of heal wounds for 80 gold pieces
 26191 | D:15     | Found Joesog's Weapon Emporium.
 27017 | D:15     | Found a staircase to the Depths.
 27589 | Orc:1    | Entered Level 1 of the Orcish Mines
 28001 | Orc:2    | Entered Level 2 of the Orcish Mines
 28195 | Orc:2    | Found a staircase to the Elven Halls.
 28866 | Orc:1    | Found Ufirch's General Store.
 28890 | Orc:1    | Bought a scroll of blinking for 90 gold pieces
 32356 | Orc:2    | Found Vawkeff's General Store.
 32359 | Orc:2    | Found Giwaoj's Book Emporium.
 32360 | Orc:2    | Found Giamosu's Armour Shoppe.
 32360 | Orc:2    | Found Odei's Antique Weapon Shoppe.
 32369 | Orc:2    | Reached XP level 15. HP: 129/129 MP: 31/31
 32480 | Orc:2    | Bought the +0 helmet "Omosmig" {Drain Str-3 Int+8 SInv} for
                  | 226 gold pieces
 32506 | Orc:2    | Bought a potion of cancellation for 104 gold pieces
 32695 | Swamp:1  | Entered Level 1 of the Swamp
 32987 | D:7      | Bought a scroll of brand weapon for 133 gold pieces
 33586 | Swamp:2  | Noticed Mlioglotl
 33888 | Swamp:2  | Noticed Jorgrun
 33899 | Swamp:2  | HP: 6/129 [swamp worm/harpoon shot (16)]
 33940 | Swamp:2  | Killed Jorgrun
 34269 | Swamp:2  | Reached skill level 10 in Air Magic
 34289 | Swamp:2  | Reached skill level 10 in Transmutations
 35674 | Swamp:2  | Killed Mlioglotl
 38664 | Swamp:4  | Entered Level 4 of the Swamp
 38799 | Swamp:4  | Killed from afar by an eleionoma

Illustrated notes

Levels and vault maps discovered:
D:1:      matt_arrival_diagonals, layout_rooms, serial_shops, shop,
          dreamdust_ecumenical_altar_drowned_temple
D:2:      layout_basic, chequers_decorated_corner, lightli_corner_chamber,
          uniq_crazy_yiuf_cottage
D:3:      layout_loops_ring, chequers_mini_garden
D:4:      layout_loops_ring
D:5:      layout_basic, nicolae_wu_jian_glorious_leap, uniq_sigmund, uniq_edmund
D:6:      layout_loops_ring, uniq_maggie
D:7:      layout_rooms, eat_drink_and_be_merry_uskayaw,
          minmay_temple_entry_antechambers, serial_shops,
          nicolae_shop_window_shopping, shop, kennysheep_little_box, shop,
          nicolae_stop_n_shop_1, enter_bailey_4, kb_lookout_dungeons_type
D:8:      minmay_the_grid_octo_2x2 [minmay_the_grid_octo_fan_narrow,
          minmay_the_grid_octo_checkered, minmay_the_grid_octo_focus,
          minmay_the_grid_octo_prize_single_spiral], layout_gridville,
          kennysheep_nondescript
D:9:      layout_small_grid, nicolae_overflow_hallway_of_the_gods, kb_rosetta
D:10:     layout_roguey, nemelex_spade_bored_becter, erik_lair_island,
          david_orc_2, minmay_shop_chei, minmay_nine_imps
D:11:     layout_loops_ring, ebering_ghost_funeral_grove, item_on_display_a,
          uniq_harold
D:12:     layout_gridville, enter_trove_5, serial_glass, glass_columns_a,
          glass_columns_b, nicolae_gozag_conspicuous_consumption
D:13:     layout_roguey
D:14:     layout_basic, david_vaults_2, minivault_25,
          nicolae_elyvilon_peaceful_grove
D:15:     hangedman_depths_entry_try_elsewhere_first, layout_basic,
          serial_shops, shop, nicolae_shop_waterfront, nicolae_shop_crystal,
          nicolae_diamond_shop, nicolae_shop_bloodbath_and_beyond,
          corexii_leaking_fountain
Lair:1:   layout_gridlike, st_stairs_10, grunt_megastairs_1
Lair:2:   layout_regular_city, chequers_serial_rivers_small_b,
          columned_hall_lemuel, serial_bayou_shore_b, lemuel_fruit_fields,
          infiniplex_staircase_pool_2, uniq_amaemon, uniq_gastronok, uniq_fannar
Lair:3:   layout_loops_ring, nicolae_swamp_entry_splash_gauntlet,
          dummy_snake_entry, uniq_nessos
Lair:4:   layout_misc_corridors, slime_entry_2
Lair:5:   hellmonk_lair_end_abyssal_woods, layout_regular_city,
          infiniplex_staircase_pool
Swamp:1:  layout_falls_marsh, evilmike_swamp_ruin_house_1, swamp_pool2
Swamp:2:  layout_basic_swamp, evilmike_swamp_ruin_house_6, uniq_mlioglotl,
          uniq_jorgrun
Swamp:3:  layout_falls_marsh, serial_swamp_ruin, evilmike_swamp_ruin_house_5,
          evilmike_swamp_ruin_house_2, evilmike_swamp_ruin_house_3
Swamp:4:  swamp_old_school, layout_basic_swamp, nicolae_swamp_well_well_well
Orc:1:    layout_caves, serial_shops, nicolae_shop_crystal, mines3_lemuel
Orc:2:    st_orc_pillars, layout_caves, elves_outpost_lemuel

Skill      XL: |  1  2  3  4  5  6  7  8  9 10 11 12 13 14 15 |
---------------+----------------------------------------------+-----
Dodging        | 2 3 4 6 9 11 | 11.0
Short Blades   | 2 3 4 |  4.0
Fighting       | 3 4 5 6 9 11 | 11.0
Evocations     | 1 2 3 4 5 6 |  6.0
Hexes          | 1 3 |  3.0
Ice Magic      | 1 3 5 6 |  6.0
Spellcasting   | 1 2 4 5 6 7 8 |  8.0
Summonings     | 1 3 5 |  5.0
Axes           | 6 |  6.0
Transmutations | 3 6 9 11 | 11.2
Air Magic      | 3 6 9 11 | 11.2
Unarmed Combat | 2 4 6 |  6.5
Stealth        | |  4.5

Action                   |  1- 3 |  4- 6 |  7- 9 | 10-12 | 13-15 || total
-------------------------+-------+-------+-------+-------+-------++-------
Melee: Short sword       |   199 |       |       |       |       ||   199
       Dagger            |    23 |   280 |   518 |   150 |       ||   971
       Punch             |     1 |     5 |     9 |    17 |    63 ||    95
       Unarmed           |       |       |     1 |       |    61 ||    62
       Broad axe         |       |       |       |   548 |   972 ||  1520
Throw: Dart              |       |     5 |     1 |     3 |     2 ||    11
       Boomerang         |       |       |     1 |       |       ||     1
 Cast: Ensorcelled Hiber |       |       |    50 |     9 |     1 ||    60
       Summon Ice Beast  |       |       |       |    25 |    43 ||    68
       Summon Lightning  |       |       |       |       |    48 ||    48
       Storm Form        |       |       |       |       |     9 ||     9
 Abil: Blinkbolt         |       |       |       |       |     2 ||     2
       End Transformatio |       |       |       |       |     1 ||     1
Evoke: Wand              |     1 |     3 |    11 |    11 |    43 ||    69
       Lightning rod     |       |       |       |       |     7 ||     7
       Phantom mirror    |       |       |       |       |     1 ||     1
  Use: Scroll            |     5 |       |    12 |    13 |    23 ||    53
       Potion            |     1 |     3 |     1 |       |     8 ||    13
 Stab: Sleeping          |    17 |     2 |    28 |    18 |     9 ||    74
       Distracted        |       |     1 |       |     6 |    10 ||    17
       Invisible         |       |     1 |     2 |       |     3 ||     6
       Paralysed         |       |       |     6 |     3 |     6 ||    15
       Held in net/web   |       |       |     1 |       |       ||     1
       Petrified         |       |       |       |       |     6 ||     6
Armor: Leather armour    |    54 |    57 |    18 |       |       ||   129
       Swamp dragon scal |       |       |    42 |   113 |   526 ||   681
       Troll leather arm |       |       |       |    36 |       ||    36
       Skin              |       |       |       |       |    12 ||    12
       Robe              |       |       |       |       |     1 ||     1
Dodge: Dodged            |   125 |   172 |   246 |   774 |  1532 ||  2849
Block: Other             |       |       |    50 |   180 |     6 ||   236
       Reflection        |       |       |     2 |     7 |       ||     9

Table legend: (Time is in decaauts)
 A = Elapsed time spent in this place.
 B = Non-inter-level travel time spent in this place.
 C = Inter-level travel time spent in this place.
 D = Time resting spent in this place.
 E = Time spent auto-exploring this place.
 F = Levels seen in this place.
 G = Mean time per level.
                   A        B        C        D        E       F      G
               +--------+--------+--------+--------+--------+-----+--------+
         Total |  39093 |  36404 |   2689 |  14713 |  13124 |  27 | 1447.9 |
       Dungeon |  19154 |  17824 |   1330 |   5477 |   7959 |  15 | 1276.9 |
          Lair |   8581 |   7487 |   1094 |   2860 |   2945 |   5 | 1716.2 |
         Swamp |   5639 |   5475 |    164 |   2986 |   1349 |   4 | 1409.8 |
  Orcish Mines |   4789 |   4689 |    100 |   3019 |    789 |   2 | 2394.5 |
        Bailey |    928 |    928 |      0 |    370 |     82 |   1 |  928.0 |
               +--------+--------+--------+--------+--------+-----+--------+

Top non-repeatable levels by time:
 Swamp:2: 4031 daAuts
   Orc:1: 2720 daAuts
  Lair:5: 2428 daAuts
   Orc:2: 2069 daAuts
  Lair:3: 1919 daAuts
     D:4: 1830 daAuts
     D:8: 1781 daAuts
    D:15: 1655 daAuts
  Lair:2: 1504 daAuts
     D:5: 1447 daAuts
  Lair:4: 1434 daAuts
    D:14: 1385 daAuts
    D:12: 1339 daAuts
     D:3: 1334 daAuts
  Lair:1: 1293 daAuts
